 Dungeon Crawl Stone Soup version 0.25-a0-366-g516bc45ae0 (webtiles) character file.

Game seed: 12796000762513438374, levelgen mode: deterministic

16534 DerDa the Fighter (level 12, -3/113 HPs)
             Began as a Minotaur Berserker on Jan 6, 2020.
             Was a High Priest of Trog.
             Shot with an arrow by Nessos (4 damage)
             ... on level 12 of the Dungeon.
             The game lasted 00:31:04 (9987 turns).

DerDa the Fighter (Minotaur Berserker)              Turns: 9987, Time: 00:31:04

Health: -3/113     AC: 13    Str: 26    XL:     12   Next: 10%
Magic:  5/5        EV: 17    Int:  4    God:    Trog [*****.]
Gold:   587        SH:  0    Dex: 11    Spells: 11/11 levels left

rFire    + . .     SeeInvis +   a - +3 double sword (antimagic)
rCold    + . .     Gourm    .   (no shield)
rNeg     . . .     Faith    +   g - +0 ring mail
rPois    .         Spirit   .   T - +0 hat
rElec    .         Reflect  .   Y - scarf {rC+ rF+}
rCorr    .         Harm     .   H - +0 pair of gloves
MR       ++...                  p - +1 pair of boots
Stlth    +.........             j - amulet of faith
HPRegen  1.28/turn              V - ring of see invisible
MPRegen  0.09/turn              C - +2 ring of protection

@: lethally poisoned (-3 -> -37), regenerating
A: retaliatory headbutt, horns 2
a: Berserk, Trog's Hand, Brothers in Arms, Renounce Religion


You were on level 12 of the Dungeon.
You worshipped Trog.
Trog was extremely pleased with you.
You were not hungry.

You visited 2 branches of the dungeon, and saw 13 of its levels.
You also visited: Sewer.

You collected 769 gold pieces.
You spent 182 gold pieces at shops.

Inventory:

Hand Weapons
 a - a +3 antimagic double sword (weapon)
 b - the +5 hunting sling of the Forsaken Runes {velocity, rC+ MR+ SInv}
   (You found it on level 8 of the Dungeon)

   Any stone fired from it inflicts extra damage.
   It protects you from cold.
   It affects your resistance to hostile enchantments.
   It lets you see invisible.
 I - a +0 whip of flaming
Missiles
 q - 49 sling bullets
 u - 42 poisoned darts (quivered)
 v - 64 bolts
Armour
 g - a +0 ring mail (worn)
 p - a +1 pair of boots (worn)
 H - a +0 pair of gloves (worn)
 T - a +0 hat (worn)
 Y - a scarf of resistance (worn)
Jewellery
 e - an uncursed ring of resist corrosion
 j - an amulet of faith (around neck)
 k - an uncursed ring of protection from magic
 C - a +2 ring of protection (right hand)
 V - a ring of see invisible (left hand)
Wands
 w - a wand of clouds (6)
 A - a wand of acid (10)
 D - a wand of random effects (15)
 G - a wand of digging (3)
 J - a wand of iceblast (27)
 P - a wand of flame (23)
Scrolls
 d - 8 scrolls of teleportation
 i - 4 scrolls of remove curse
 l - a scroll of blinking
 o - 6 scrolls of immolation
 s - 5 scrolls of fear
 t - 5 scrolls of fog
 z - 3 scrolls of magic mapping
 F - 3 scrolls of enchant weapon
 K - a scroll of summoning
Potions
 m - 7 potions of heal wounds
 n - 6 potions of cancellation {unknown}
 r - a potion of invisibility
 B - 2 potions of mutation {unknown}
 E - 4 potions of curing
 N - 3 potions of ambrosia {unknown}
 R - a potion of might
 S - a potion of lignification
 W - 2 potions of flight {unknown}
Comestibles
 c - 26 rations
 f - 4 chunks of flesh


   Skills:
 + Level 12.8 Fighting
 - Level 3.6 Long Blades
 + Level 12.4 Armour
 + Level 11.6 Dodging
 + Level 7.4 Evocations


You had 11 spell levels left.
You didn't know any spells.
Your spell library was empty.

Dungeon Overview and Level Annotations

Branches:
Dungeon (12/15)            Temple (1/1) D:4            Lair (0/6) D:11
    Orc (0/2) D:12          Sewer (visited)

Altars:
Ashenzari
Cheibriados
Dithmenos
Elyvilon
Fedhas
Gozag
Hepliaklqana
Kikubaaqudgha
Makhleb
Nemelex Xobeh
Okawaru
Qazlal
Ru
Sif Muna
Trog
Uskayaw
Vehumet
Wu Jian
Xom
Yredelemnul
Zin
The Shining One

Shops:
D:9 !

Annotations:
D:12 Nessos


Innate Abilities, Weirdness & Mutations

You reflexively headbutt those who attack you in melee.
You have a pair of horns on your head.


Message History

You are more poisoned.
Nessos stands on their hind legs for a moment.
You see here an arrow.
You feel very sick.
Nessos shoots an arrow.
The arrow hits you!
* * * LOW HITPOINT WARNING * * *
The arrow burns you.
You are lethally poisoned!
* * * LOW HITPOINT WARNING * * *
The purple ugly thing basks in the mutagenic energy from its kin and changes!
You see here an arrow.
Your skin crawls.
You feel resistant to hostile enchantments.
You feel quite a bit more hungry.
You feel very sick.
Nessos blinks!
Nessos shoots an arrow.
The arrow hits you!!
* * * LOW HITPOINT WARNING * * *
The arrow burns you.
You are more poisoned.
You die...

#....).(....)....# #..#
#.....<()u####...#####oo####
........§..u..........
############u5...c...yo......
#§###########..### #..# ..#
#.># ..# #(## ..# #@# ..# #.#
..# #.# ..# #c# ... ... ###


You could see Nessos, 2 ugly things and a quasit.

Vanquished Creatures
  Snorg (D:12)
  3 two-headed ogres
  The ghost of loom the Covert, a novice KoEn of Dithmenos (D:9)
  Pikel (D:7)
  An ugly thing (D:11)
  A moth of wrath (D:9)
  2 kobold demonologists (D:11)
  3 trolls
  5 hippogriffs
  2 wyverns
  A wraith (D:11)
  2 basilisks
  2 yaks (D:9)
  A hungry ghost (D:9)
  A steam dragon (D:11)
  A soldier ant (D:9)
  4 porcupines
  6 sky beasts
  6 black bears
  6 ogres
  2 orc warriors
  2 slaves (D:7)
  3 ice beasts (D:9)
  A necrophage (D:11)
  4 phantoms
  4 wolves
  7 centaurs
  A crocodile (D:11)
  13 big kobolds
  5 bullfrogs
  5 scorpions
  24 killer bees
  2 howler monkeys
  3 wights (D:10)
  3 centaur zombies
  3 crimson imps
  2 bullfrog zombies
  2 jellies
  Crazy Yiuf (D:3)
  4 bullfrog skeletons
  7 hounds
  3 orc priests
  3 iguanas
  13 orc wizards
  9 worker ants
  A hound zombie (D:6)
  2 hound skeletons (D:5)
  3 gnolls (D:6)
  13 adders
  A river rat (Sewer)
  A shadow imp (D:10)
  4 oozes
  An adder zombie (D:5)
  5 worms
  2 dart slugs (D:1)
  6 leopard geckos
  45 orcs
  9 ball pythons
  7 giant cockroaches
  7 goblins
  4 hobgoblins
  18 jackals
  28 kobolds
  4 quokkas
  9 bats
  3 frilled lizards
  A leopard gecko zombie (D:5)
  6 rats
356 creatures vanquished.

Vanquished Creatures (others)
  A killer bee (D:12)
  2 fungi (D:11)
  2 plants (D:12)
5 creatures vanquished.

Grand Total: 361 creatures vanquished

Notes
Turn   | Place    | Note
-------+----------+-------------------------------------------
     0 | D:1      | DerDa the Minotaur Berserker began the quest for the Orb.
     0 | D:1      | Reached XP level 1. HP: 19/19 MP: 0/0
   177 | D:1      | Reached XP level 2. HP: 27/27 MP: 1/1
   223 | D:1      | You fall into a shaft and drop 1 floor!
   224 | D:2      | Noticed a phantom
   237 | D:2      | Killed a phantom
   237 | D:2      | Reached XP level 3. HP: 16/34 MP: 2/2
   237 | D:2      | Reached XP level 4. HP: 20/41 MP: 3/3
   268 | D:2      | Noticed an ogre
   273 | D:2      | Killed an ogre
   273 | D:2      | Reached skill level 5 in Fighting
   273 | D:2      | Reached XP level 5. HP: 43/48 MP: 4/4
   703 | D:2      | Reached ** piety under Trog
  1217 | D:3      | Reached XP level 6. HP: 41/56 MP: 5/5
  1261 | D:3      | Reached *** piety under Trog
  1377 | D:3      | Found a runed translucent door.
  1378 | D:3      | Noticed Crazy Yiuf
  1385 | D:3      | Killed Crazy Yiuf
  1874 | D:4      | Found a glowing drain.
  1888 | D:4      | Reached skill level 5 in Armour
  1910 | Sewer    | Entered a sewer
  2070 | Sewer    | Reached skill level 5 in Dodging
  2171 | Sewer    | Reached XP level 7. HP: 56/64 MP: 6/6
  2291 | Sewer    | Reached **** piety under Trog
  2497 | D:4      | Found a staircase to the Ecumenical Temple.
  2541 | Temple   | Entered the Ecumenical Temple
  2872 | D:4      | Reached XP level 8. HP: 56/73 MP: 7/7
  3009 | D:4      | Found a basalt altar of Yredelemnul.
  3392 | D:5      | Entered Level 5 of the Dungeon
  3441 | D:5      | Reached ***** piety under Trog
  3441 | D:5      | Received a gift from Trog
  3649 | D:5      | Found a sparkling altar of Nemelex Xobeh.
  3721 | D:5      | Found a shattered altar of Ashenzari.
  3722 | D:5      | Found a shadowy altar of Dithmenos.
  3725 | D:5      | Found a stormy altar of Qazlal.
  3726 | D:5      | Found a radiant altar of Vehumet.
  3883 | D:5      | Found a burning altar of Makhleb.
  4660 | D:7      | Noticed Pikel
  4692 | D:7      | Killed Pikel
  4692 | D:7      | Reached skill level 1 in Evocations
  4692 | D:7      | Reached XP level 9. HP: 53/83 MP: 7/9
  4875 | D:7      | Found a snail-covered altar of Cheibriados.
  4973 | D:7      | Received a gift from Trog
  5620 | D:8      | Noticed a two-headed ogre
  5628 | D:8      | Killed a two-headed ogre
  5628 | D:8      | Reached skill level 10 in Fighting
  5642 | D:8      | Reached XP level 10. HP: 62/93 MP: 3/11
  5973 | D:8      | Noticed a two-headed ogre
  5983 | D:8      | Killed a two-headed ogre
  5983 | D:8      | Reached skill level 10 in Armour
  5995 | D:8      | Got a twisted hunting sling
  5999 | D:8      | Identified the +5 hunting sling of the Forsaken Runes
                  | {velocity, rC+ MR+ SInv} (You found it on level 8 of the
                  | Dungeon)
  6357 | D:9      | Found a shimmering blue altar of Sif Muna.
  6380 | D:9      | Found Haisu's Distillery.
  6394 | D:9      | Bought a potion of might for 56 gold pieces
  6394 | D:9      | Bought a potion of degeneration for 14 gold pieces
  6394 | D:9      | Bought a potion of heal wounds for 70 gold pieces
  6394 | D:9      | Bought a potion of lignification for 42 gold pieces
  6402 | D:9      | Found a transporter.
  6419 | D:9      | Found a transporter.
  6422 | D:9      | Noticed loom's ghost (novice KoEn)
  6422 | D:9      | Noticed a moth of wrath
  6491 | D:9      | Received a gift from Trog
  6653 | D:9      | Reached skill level 5 in Evocations
  6786 | D:9      | Reached skill level 10 in Dodging
  7018 | D:10     | Entered Level 10 of the Dungeon
  7120 | D:10     | Reached XP level 11. HP: 20/102 MP: 4/14
  7445 | D:10     | Received a gift from Trog
  7936 | D:10     | Got a brightly glowing cloak
  7946 | D:10     | Identified the cursed -3 cloak of Agoraphobia {rN+ MR- SInv
                  | Stlth+} (You found it on level 10 of the Dungeon)
  7988 | D:9      | Killed loom's ghost
  8147 | D:11     | Found a staircase to the Lair.
  8304 | D:11     | Received a gift from Trog
  9281 | D:12     | Noticed Snorg
  9287 | D:12     | Killed Snorg
  9308 | D:12     | Noticed a white ugly thing
  9321 | D:12     | Noticed Nessos
  9709 | D:12     | Noticed a two-headed ogre
  9719 | D:11     | Killed a two-headed ogre
  9719 | D:11     | Reached XP level 12. HP: 84/113 MP: 5/16
  9978 | D:12     | Received a gift from Trog
  9980 | D:12     | Found a staircase to the Orcish Mines.
  9987 | D:12     | HP: 1/113 [Nessos/arrow (24)]
  9987 | D:12     | Shot with an arrow by Nessos

Levels and vault maps discovered:
D:1:      lightli_iron_boxes, layout_rooms
D:2:      layout_rooms
D:3:      layout_basic, first_ration, uniq_crazy_yiuf_cottage
D:4:      layout_loops_cross, yredelemnul_altar_generic,
          minmay_temple_entry_statues_pillars, cheibrodos_sewer_entry_drain
D:5:      layout_basic, kennysheep_mini_moat, grunt_temple_overflow_open,
          nrook_loot_triangle
D:6:      layout_cave_pools
D:7:      layout_loops_corners, lemuel_crystal_altar, uniq_pikel
D:8:      layout_gridville, blue_anna_alchemist [blue_anna_fruit_fields,
          blue_anna_fruit_fields]
D:9:      layout_roguey, serial_shops, shop, gammafunk_ghost_berserking_beasts,
          lemuel_blue_sif_altar
D:10:     layout_loops_ring
D:11:     layout_cave_pools, minmay_lair_entry_grove
D:12:     layout_small_grid, orc_0_dummy, serial_bayou, serial_bayou_shore_b,
          serial_bayou_pond_d, serial_bayou_lagoon_b, serial_bayou_pond_b,
          serial_bayou_shore_b, grunt_tough_drop, uniq_snorg, uniq_azrael,
          uniq_nessos
Temple:   minmay_temple_curvy_branch

Skill      XL: |  1  2  3  4  5  6  7  8  9 10 11 |
---------------+----------------------------------+-----
Fighting       | 4 5 6 7 9 10 11 12 | 12.8
Armour         | 3 4 5 6 8 9 11 12 | 12.4
Dodging        | 3 4 5 6 8 9 10 11 | 11.6
Evocations     | 1 3 5 7 |  7.4
Long Blades    | |  3.6

Action                   |  1- 3 |  4- 6 |  7- 9 | 10-12 || total
-------------------------+-------+-------+-------+-------++-------
Melee: Falchion          |    19 |   170 |   166 |       ||   355
       Headbutt          |     5 |    38 |    57 |    83 ||   183
       Scimitar          |       |       |   105 |       ||   105
       Double sword      |       |       |    42 |   314 ||   356
 Fire: Hand crossbow     |       |       |       |     8 ||     8
Invok: Berserk           |       |     2 |     2 |     3 ||     7
       Trog's Hand       |       |       |       |     2 ||     2
  Use: Scroll            |       |     3 |     6 |    13 ||    22
       Potion            |       |       |     2 |       ||     2
 Stab: Sleeping          |       |       |       |     2 ||     2
  Eat: Chunk             |       |     7 |    13 |    21 ||    41
Armor: Ring mail         |     5 |    57 |   119 |   237 ||   418
       Animal skin       |     1 |       |       |       ||     1
Dodge: Dodged            |    13 |   118 |   222 |   486 ||   839
       Rpst.: Falchion   |     3 |    35 |    28 |       ||    66
       Scimitar          |       |       |    18 |       ||    18
       Double sword      |       |       |     7 |   128 ||   135

Table legend:
 A = Non-vault XP
 B = Vault XP
 C = Vault XP percentage of total XP
 D = Non-vault monster count
 E = Vault monster count
 F = Vault count percentage of total count
                 A         B        C        D         E       F
            +---------+---------+-------+---------+---------+-------
      Total |   17019 |    6601 |  27.9 |     295 |      59 |  16.7
            +---------+---------+-------+---------+---------+-------
        D:1 |      21 |       0 |   0.0 |      10 |       0 |   0.0
        D:2 |     305 |       0 |   0.0 |      22 |       0 |   0.0
        D:3 |      69 |      41 |  37.3 |      27 |       1 |   3.6
        D:4 |     457 |      12 |   2.6 |      21 |       3 |  12.5
        D:5 |     386 |       0 |   0.0 |      18 |       0 |   0.0
        D:6 |     721 |       0 |   0.0 |      22 |       0 |   0.0
        D:7 |     521 |     629 |  54.7 |      25 |       1 |   3.8
        D:8 |    3196 |      97 |   2.9 |      21 |       1 |   4.5
        D:9 |    2547 |    2369 |  48.2 |      38 |      11 |  22.4
       D:10 |    3295 |     521 |  13.7 |      42 |       4 |   8.7
       D:11 |    5023 |    1156 |  18.7 |      40 |       9 |  18.4
       D:12 |     478 |    1101 |  69.7 |       9 |       1 |  10.0
      Sewer |       0 |     675 | 100.0 |       0 |      28 | 100.0
            +---------+---------+-------+---------+---------+-------
